 Dungeon Sprint DCSS version 0.31-a0-841-g038b102fc3 (webtiles) character file.

Game seed: 17177572872275538333

343 sircluck the Grappler (level 6, -1/71 HPs)
             Began as a Troll Berserker on Sept 27, 2023.
             Was a Believer of Trog.
             Slain by a gnoll sergeant
             ... wielding a +0 spear
              (4 damage)
             ... in the Dungeon (Sprint VII: "The Pits").
             The game lasted 00:00:15 (34 turns).

sircluck the Grappler (Troll Berserker)               Turns: 34, Time: 00:00:16

Health: -1/71      AC:  4    Str: 28    XL:     6   Next: 31%
Magic:  5/5        EV: 11    Int:  3    God:    Trog [**....]
Gold:   0          SH:  0    Dex:  9    Spells: 5/5 levels left

rFire   . .          .
                       - Unarmed
rCold   . . .        (no shield)
rNeg    . . .        a - +0 animal skin
rPois   .            (helmet restricted)
rElec   .            (no cloak)
rCorr   .            (gloves unavailable)
SInv    .            (boots unavailable)
Will    .....        (no amulet)
Stlth   +            (no ring)
HPRegen 1.11/turn    (no ring)
MPRegen 0.09/turn

%: no teleportation
@: on berserk cooldown, slowed, very slow
A: large, unfitting armour, claws 3, regeneration 1, shaggy fur 1, tough skin 1
a: Renounce Religion, Berserk, Trog's Hand


You were in the Dungeon.
You worshipped Trog.
Trog was pleased with you.
You visited 1 branch

Inventory:

Armour
 a - a +0 animal skin (worn)
Scrolls
 g - a scroll of blinking
Potions
 b - a potion of curing
 c - a potion of heal wounds
 d - a potion of haste
 e - 2 potions of magic
 f - a potion of berserk rage


   Skills:
 + Level 7.0 Fighting
 + Level 6.9 Dodging
 + Level 8.3 Unarmed Combat


You had 5 spell levels left.
You didn't know any spells.
Your spell library was empty.

Dungeon Overview and Level Annotations

Branches:
Dungeon (1/1)

Altars:


Innate Abilities, Weirdness & Mutations

You are too large for most types of armour.
You have claws for hands.
Your natural rate of healing is unusually fast.
You are covered in fur. (AC +1)
You have tough skin. (AC +1)


Message History

You barely miss the endoplasm. You mangle the endoplasm!!
You kill the endoplasm!
Trog accepts your kill.
You can now call upon Trog for regeneration and willpower.
The gnoll hits you but does no damage.
The gnoll hits you from afar with a +3 spear.
The gnoll sergeant closely misses you.
You barely miss the gnoll. You claw the gnoll!
The gnoll is almost dead.
The gnoll hits you from afar with a +3 spear.
The gnoll barely misses you. The gnoll closely misses you.
The gnoll sergeant hits you from afar with a +0 spear!
You completely miss the gnoll.
The gnoll is almost dead.
You mangle the gnoll!!
You kill the gnoll!
Trog accepts your kill. The gnoll closely misses you.
The gnoll sergeant hits you from afar with a +0 spear!
* * * LOW HITPOINT WARNING * * *
The gnoll hits you from afar with a +3 spear!
* * * LOW HITPOINT WARNING * * *
Unknown command.
Unknown command.
Unknown command.
You are no longer berserk.
You are exhausted.
You feel yourself slow down.
The gnoll sergeant hits you with a +0 spear!
* * * LOW HITPOINT WARNING * * *
The gnoll completely misses you.
There is a large open door, spattered with blood here.
Things that are here:
a +0 flail; a gnoll corpse You scratch the gnoll sergeant.
You claw the gnoll sergeant.
The gnoll sergeant is lightly wounded.
The gnoll sergeant hits you with a +0 spear.
You die...

+................+
#......#..#......#
#................#
####'#####''######
#.......##''#####
#.......##......#
#.......##......#
#...<...###)...##
#.......# ##@g##
#.......# #ggg.#
#.......##......#
##########......+
#......# ##....##
##++##


You could see a gnoll sergeant and 3 gnolls.

Vanquished Creatures
  A black mamba (D)
  2 gnolls (D)
  An endoplasm (D)
4 creatures vanquished.

Notes
Turn   | Place    | Note
-------+----------+-------------------------------------------
     0 | D        | sircluck the Troll Berserker began the quest for the Orb.
     0 | D        | Reached XP level 1. HP: 22/22 MP: 0/0
    17 | D        | Noticed a gnoll sergeant
    17 | D        | Noticed a black mamba
    20 | D        | Reached XP level 2. HP: 31/31 MP: 1/1
    26 | D        | Killed a black mamba
    27 | D        | Reached skill level 8 in Unarmed Combat
    27 | D        | Reached XP level 3. HP: 32/46 MP: 2/2
    27 | D        | Reached XP level 4. HP: 39/55 MP: 3/3
    27 | D        | Reached XP level 5. HP: 44/62 MP: 4/4
    27 | D        | Reached XP level 6. HP: 50/71 MP: 5/5
    28 | D        | Reached ** piety under Trog
    33 | D        | HP: 2/71 [gnoll sergeant/+0 spear (13)]
    34 | D        | Slain by a gnoll sergeant

Illustrated notes

Levels and vault maps discovered:
D:        pitsprint [storerooms_1, entrance_room_1, metal_vault_2, armoury_1,
          mini_pit_1, grid_room_1, main_hall_1, silver_pit, the_coven_3,
          the_vestibule_1, steel_vault_3, golden_pit, hallway_of_sentries,
          crystal_vault_5, iron_vault_4, final_vault]

Skill      XL: |  1  2 |
---------------+-------+-----
Fighting       | 3 7 |  7.0
Dodging        | 3 6 |  6.9
Unarmed Combat | 8 |  8.3

Action                     |  1- 3 |  4- 6 || total
---------------------------+-------+-------++-------
  Melee: Unarmed           |     7 |     7 ||    14
         Punch             |     1 |     1 ||     2
 Invoke: Berserk           |     1 |       ||     1
 Armour: Animal skin       |    11 |     8 ||    19
  Dodge: Dodged            |    10 |     5 ||    15

Table legend: (Time is in decaauts)
 A = Elapsed time spent in this place.
 B = Non-inter-level travel time spent in this place.
 C = Inter-level travel time spent in this place.
 D = Time resting spent in this place.
 E = Time spent auto-exploring this place.
 F = Levels seen in this place.
 G = Mean time per level.
                   A        B        C        D        E       F      G
               +--------+--------+--------+--------+--------+-----+--------+
         Total |     28 |     28 |      0 |      0 |     17 |   1 |   28.0 |
       Dungeon |     28 |     28 |      0 |      0 |     17 |   1 |   28.0 |
               +--------+--------+--------+--------+--------+-----+--------+

Top non-repeatable levels by time:
       D: 28 daAuts
